 Dungeon Crawl Stone Soup version 0.26-a0-667-g92642533e4 (webtiles) character file.

Game seed: 12076089522473145208

73 Kinoniko the Slasher (level 4, 0/35 HPs)
             Began as a Human Berserker on Oct 16, 2020.
             Was a Believer of Trog.
             Slain by a gnoll
             ... wielding a +0 spear
              (2 damage)
             ... on level 2 of the Dungeon.
             The game lasted 00:01:46 (1495 turns).

Kinoniko the Slasher (Human Berserker)              Turns: 1495, Time: 00:01:46

Health: 0/35       AC:  3    Str: 17    XL:     4   Next: 51%
Magic:  4/4        EV: 12    Int:  9    God:    Trog [**....]
Gold:   21         SH:  0    Dex: 12    Spells: 3/3 levels left

rFire    . . .     SeeInvis .   a - +0 falchion
rCold    . . .     Faith    .   (no shield)
rNeg     . . .     Spirit   .   b - +0 animal skin
rPois    .         Reflect  .   (no helmet)
rElec    .         Harm     .   (no cloak)
rCorr    +         Rampage  .   h - +0 pair of gloves (curse)
MR       .....                  (no boots)
Stlth    +.........             (no amulet)
HPRegen  0.11/turn              f - ring of resist corrosion
MPRegen  0.09/turn              (no ring)

@: berserk cooldown, slowed, very slow
A: no striking features
a: Berserk, Trog's Hand, Renounce Religion


You were on level 2 of the Dungeon.
You worshipped Trog.
Trog was pleased with you.
You visited 1 branch of the dungeon, and saw 2 of its levels.

You collected 21 gold pieces.

Inventory:

Hand Weapons
 a - a +0 falchion (weapon)
Armour
 b - a +0 animal skin (worn)
 h - a cursed +0 pair of gloves (worn)
Jewellery
 f - a ring of resist corrosion (left hand)
Wands
 j - a wand of iceblast (6)
Scrolls
 c - a scroll of fear {unknown}
 d - a scroll of amnesia {unknown}
 e - a scroll of teleportation {unknown}
Potions
 g - a potion of magic {unknown}
 i - a potion of flight {unknown}


   Skills:
 - Level 3.1 Fighting
 * Level 4.8 Long Blades
 - Level 2.0 Armour
 - Level 2.0 Dodging
 - Level 0.2 Stealth


You had 3 spell levels left.
You didn't know any spells.
Your spell library was empty.

Dungeon Overview and Level Annotations

Branches:
Dungeon (2/15)

Altars:


Message History

You are too injured to fight recklessly!
Unknown command.
You are too injured to fight recklessly!
You hit the gnoll.
The gnoll is moderately wounded.
The bat hits you but does no damage. The bat closely misses you.
The gnoll hits you from afar with a +0 spear!
* * * LOW HITPOINT WARNING * * *
The gnoll barely misses you.
You riposte.
You hit the gnoll.
The gnoll is severely wounded.
The bat closely misses you.
You riposte.
You hit the bat but do no damage. You slash the gnoll!
You kill the gnoll!
Trog accepts your kill.
You can now call upon Trog for regeneration and magic resistance.
The bat hits you.
* * * LOW HITPOINT WARNING * * *
A rat comes into view.
The gnoll hits you from afar with a +0 spear.
You die...

############# ######.#
.........<...####.......
).......................
r........>#.####.####.#
.##g#####..#.# #.# #)#
........#..#.# #.# #.#
........#..#.####.####.#
.....g))#..#............
#.....)@'.........####÷#
#.....b†#.(######## #.#
#.......#..# #..
#.......#..# ###
#########..# #..# ....
#.##


You could see 2 gnolls, a bat and a rat (wandering).

Vanquished Creatures
  2 adders (D:2)
  2 gnolls (D:2)
  An ooze (D:1)
  A leopard gecko (D:1)
  2 giant cockroaches (D:1)
  2 goblins (D:1)
  6 hobgoblins
  3 jackals (D:2)
  3 kobolds
  4 bats
  2 frilled lizards (D:1)
  A rat (D:1)
29 creatures vanquished.

Notes
Turn   | Place    | Note
-------+----------+-------------------------------------------
     0 | D:1      | Kinoniko the Human Berserker began the quest for the Orb.
     0 | D:1      | Reached XP level 1. HP: 18/18 MP: 1/1
   142 | D:1      | Reached XP level 2. HP: 20/24 MP: 2/2
   686 | D:1      | Reached XP level 3. HP: 25/29 MP: 3/3
   821 | D:1      | Reached skill level 4 in Long Blades
  1484 | D:2      | Reached XP level 4. HP: 35/35 MP: 4/4
  1495 | D:2      | Reached ** piety under Trog
  1495 | D:2      | Slain by a gnoll

Illustrated notes

Levels and vault maps discovered:
D:1:      evilmike_arrival_plus, layout_rooms, serial_corexii_hall,
          chequers_hall_statues_y, chequers_hall_statues_y,
          corexii_hall_statues_s
D:2:      layout_basic, nicolae_overflow_crystal_walls, nrook_uturn

Skill      XL: |  1  2  3 |
---------------+----------+-----
Long Blades    | 4 |  4.8
Fighting       | |  3.1
Armour         | |  2.0
Dodging        | |  2.0
Stealth        | |  0.2

Action                   |  1- 3 |  4- 6 || total
-------------------------+-------+-------++-------
Melee: Falchion          |    67 |    10 ||    77
Invok: Berserk           |     6 |       ||     6
Armor: Animal skin       |    13 |     6 ||    19
Dodge: Dodged            |    37 |     9 ||    46
       Rpst.: Falchion   |    13 |     3 ||    16

Table legend: (Time is in decaauts)
 A = Elapsed time spent in this place.
 B = Non-inter-level travel time spent in this place.
 C = Inter-level travel time spent in this place.
 D = Time resting spent in this place.
 E = Time spent auto-exploring this place.
 F = Levels seen in this place.
 G = Mean time per level.
                   A        B        C        D        E       F      G
               +--------+--------+--------+--------+--------+-----+--------+
         Total |   1542 |   1534 |      8 |    848 |    511 |   2 |  771.0 |
       Dungeon |   1542 |   1534 |      8 |    848 |    511 |   2 |  771.0 |
               +--------+--------+--------+--------+--------+-----+--------+

Top non-repeatable levels by time:
     D:1: 1197 daAuts
     D:2: 345 daAuts
